 Dungeon Crawl Stone Soup version 0.22-a0-580-gd5db89c09a (webtiles) character file.

256 M4edhros the Cleaver (level 5, -4/45 HPs)
             Began as a Minotaur Berserker on July 3, 2018.
             Was a Believer of Trog.
             Slain by a slave (10 damage)
             ... led by Pikel
             ... on level 5 of the Dungeon.
             The game lasted 00:02:59 (950 turns).

M4edhros the Cleaver (Minotaur Berserker)            Turns: 950, Time: 00:03:07

Health: -4/45      AC: -1    Str: 22    XL:     5   Next: 92%
Magic:  4/4        EV: 12    Int:  4    God:    Trog [**....]
Gold:   26         SH:  0    Dex: 10    Spells: 4/4 levels left

rFire    . . .     SeeInvis .   a - +0 hand axe
rCold    . . .     Gourm    .   (no shield)
rNeg     . . .     Faith    .   b - +0 animal skin
rPois    .         Spirit   .   (helmet restricted)
rElec    .         Reflect  .   (no cloak)
rCorr    .         Harm     .   (no gloves)
MR       .....                  (no boots)
Stlth    +.........             h - amulet of regeneration
HPRegen  0.55/turn              (no ring)
MPRegen  0.09/turn              (no ring)

@: corroded, berserk cooldown, slowed, very slow
A: retaliatory headbutt, horns 2
a: Berserk, Trog's Hand, Renounce Religion


You were on level 5 of the Dungeon.
You worshipped Trog.
Trog was pleased with you.
You were near starving.

You visited 1 branch of the dungeon, and saw 5 of its levels.

You collected 26 gold pieces.

Inventory:

Hand Weapons
 a - a +0 hand axe (weapon)
Armour
 b - a +0 animal skin (worn)
Jewellery
 h - an amulet of regeneration (around neck)
 i - an uncursed amulet of guardian spirit {unknown}
Scrolls
 d - a scroll of immolation {unknown}
 e - 2 scrolls of noise {unknown}
 f - a scroll of remove curse {unknown}
 g - a scroll of magic mapping {unknown}
 j - 2 scrolls of identify {unknown}
Potions
 k - a potion of flight {unknown}
Comestibles
 c - 5 rations
 l - 3 chunks of flesh


   Skills:
 - Level 3.6 Fighting
 + Level 8.1 Axes
 - Level 2.4 Armour
 - Level 2.1 Dodging


You had 4 spell levels left.
You didn't know any spells.
Your spell library was empty.

Dungeon Overview and Level Annotations

Branches:
Dungeon (5/15)
 Temple: D:4-7

Altars:
Okawaru
Trog

Shops:
D:4 (

Annotations:
D:5 Pikel


Innate Abilities, Weirdness & Mutations

You reflexively headbutt those who attack you in melee.
You have a pair of horns on your head.


Message History

Found an iron altar of Okawaru.
Items here: [[ †† an animal skin x2; a human corpse x2
You feel a strong urge to attack something.
Pikel the Slaver comes into view.
He is wielding a whip of freezing.
Pikel shouts!
You slash the slave! You headbutt the slave.
The slave is heavily wounded.
You slash the slave! Your headbutt misses the slave.
The slave is severely wounded.
You are no longer berserk.
You are exhausted.
You feel yourself slow down. The slave barely misses you.
You barely miss the slave.
The slave is severely wounded.
Pikel zaps a wand.
The bolt of acid hits you! The acid corrodes you!
You are splashed with acid!
The acid burns!
* * * LOW HITPOINT WARNING * * *
It is a wand of acid (12).
The slave hits you!
You die...

## #.# #. ?.#### ## #.
##..... .# #.##...## .#
# #######.#.....###.##.
.......#............
#.#.....###.##
#.##...###...#
#######.##.#†..[@#
#............[##.p.#
#.#####.#####.###.#...#
#.# #.# #.# .# #.# #.#
#.# #.# K. .. #.# #.#
../ ..# #.# #.# ... .#_
#.#####.## ... ..#.
..........


You could see Pikel and a slave.

Vanquished Creatures
  3 slaves (D:5)
  An ogre (D:4)
  A scorpion (D:4)
  A worker ant (D:4)
  A howler monkey skeleton (D:4)
  4 adders
  2 worms
  5 orcs (D:3)
  3 goblins
  5 hobgoblins
  4 jackals
  2 quokkas
  5 bats
  2 frilled lizards
  4 kobolds
  3 rats
46 creatures vanquished.

Notes
Turn   | Place    | Note
-------+----------+-------------------------------------------
     0 | D:1      | M4edhros the Minotaur Berserker began the quest for the Orb.
     0 | D:1      | Reached XP level 1. HP: 19/19 MP: 0/0
   131 | D:1      | Reached skill level 4 in Axes
   188 | D:1      | Reached XP level 2. HP: 26/26 MP: 1/1
   212 | D:2      | Reached skill level 5 in Axes
   212 | D:2      | Reached XP level 3. HP: 30/31 MP: 2/2
   269 | D:3      | Reached ** piety under Trog
   379 | D:4      | Reached skill level 6 in Axes
   379 | D:4      | Reached XP level 4. HP: 27/39 MP: 3/3
   395 | D:4      | Found Ryassyhi's Weapon Shop.
   452 | D:5      | Entered Level 5 of the Dungeon
   458 | D:5      | Found a bloodstained altar of Trog.
   726 | D:4      | Noticed an ogre
   731 | D:4      | Killed an ogre
   731 | D:4      | Reached skill level 7 in Axes
   731 | D:4      | Reached XP level 5. HP: 45/45 MP: 4/4
   822 | D:4      | Reached skill level 8 in Axes
   934 | D:5      | Noticed a slave
   934 | D:5      | Noticed a slave
   939 | D:5      | Noticed a slave
   941 | D:5      | Killed a slave
   944 | D:5      | Killed a slave
   944 | D:5      | Noticed a slave
   945 | D:5      | Killed a slave
   946 | D:5      | Found an iron altar of Okawaru.
   947 | D:5      | Noticed Pikel
   950 | D:5      | Slain by a slave

Vault maps used:
D:1:      erik_arrival_cave_to_civilisation
D:2:      nicolae_overflow_hidden_temple, elyvilon_altar_4
D:4:      serial_shops, nicolae_shop_trees, uniq_crazy_yiuf_cottage,
          uniq_duvessa
D:5:      mumra_celtic_spiral_tile, kennysheep_little_box, first_ration,
          okawaru_metal_pillars_1_2, uniq_prince_ribbit1, uniq_pikel

Skill      XL: |  1  2  3  4  5 |
---------------+----------------+-----
Axes           | 4 5 6 7 8 |  8.1
Fighting       | |  3.6
Armour         | |  2.4
Dodging        | |  2.1

Action                   |  1- 3 |  4- 6 || total
-------------------------+-------+-------++-------
Melee: Hand axe          |    56 |    41 ||    97
       Headbutt          |     6 |     6 ||    12
Invok: Berserk           |     3 |     4 ||     7
       Trog's Hand       |       |     1 ||     1
  Use: Potion            |       |     3 ||     3
 Stab: Sleeping          |     1 |       ||     1
  Eat: Chunk             |       |     5 ||     5
Armor: Animal skin       |     6 |     3 ||     9
Dodge: Dodged            |    32 |    20 ||    52

Table legend:
 A = Spawn XP
 B = Non-spawn XP
 C = Spawn XP percentage of total XP
 D = Spawn monster count
 E = Non-spawn monster count
 F = Spawn count percentage of total count
 G = Total turns spent on level
                    A         B        C        D         E        F      G
               +---------+---------+-------+---------+---------+-------+---------
         Total |       0 |     367 |   0.0 |       0 |      43 |   0.0 |   950
               +---------+---------+-------+---------+---------+-------+---------
           D:1 |       0 |      12 |   0.0 |       0 |       9 |   0.0 |   190
           D:2 |       0 |      41 |   0.0 |       0 |       9 |   0.0 |    66
           D:3 |       0 |      55 |   0.0 |       0 |      15 |   0.0 |   171
           D:4 |       0 |     257 |   0.0 |       0 |       9 |   0.0 |   213
           D:5 |       0 |       2 |   0.0 |       0 |       1 |   0.0 |   310
               +---------+---------+-------+---------+---------+-------+---------
